 Dungeon Crawl Stone Soup version 0.18.1-50-g88ac8fd (webtiles) character file.

796 rlgrobin the Insei (level 7, -3/52 HPs)
             Began as a Mummy Monk on Sept 15, 2016.
             Killed from afar by an orc wizard (5 damage)
             ... with a magic dart
             ... on level 3 of the Dungeon.
             The game lasted 00:12:05 (9555 turns).

rlgrobin the Insei (Mummy Monk)                     Turns: 9555, Time: 00:12:06

Health: -3/52      AC:  2    Str: 14    XL:     7   Next: 58%
Magic:  7/7        EV: 11    Int:  9    God:
Gold:   199        SH:  0    Dex: 17    Spells: 0 memorised, 6 levels left

rFire  x . .     SeeInvis .       - Unarmed
rCold  + . .     Gourm    .     (no armour)
rNeg   + + +     Faith    .     (no shield)
rPois  ∞         Spirit   .     k - +0 helmet {The skull, the skull of Connemara}
rElec  .         Dismiss  .     (no cloak)
rCorr  .         Reflect  .     (no gloves)
SustAt .         Harm     .     j - +0 pair of boots
MR     .....                    (no amulet)
Stlth  ++........               (no ring)
                                (no ring)

@: slowed, very slow, not resistant to hostile enchantments, unstealthy
A: no food or potions, fire vulnerability, cold resistance 1, negative energy
resistance 3, torment resistance, unbreathing
a: no special abilities


You were on level 3 of the Dungeon.
You were not hungry.

You visited 1 branch of the dungeon, and saw 4 of its levels.

You collected 199 gold pieces.


Innate Abilities, Weirdness & Mutations

You do not eat or drink.
Your flesh is vulnerable to fire.
You are immune to poison.
Your flesh is cold resistant.
You are immune to negative energy.
You are immune to unholy pain and torment.
You can survive without breathing.


   Skills:
 - Level 3.0 Fighting
 - Level 5.6 Dodging
 - Level 1.5 Stealth
 + Level 6.0 Unarmed Combat


You had 6 spell levels left.
You didn't know any spells.

Inventory:

Armour
 j - a +0 pair of boots (worn)
 k - a +0 helmet (worn) {The skull, the skull of Connemara}
Scrolls
 a - 3 scrolls of amnesia {unknown}
 b - 3 scrolls of identify {unknown}
 d - 5 scrolls of enchant weapon (quivered)
 e - a scroll of recharging {unknown}
 f - a scroll of noise {unknown}
 g - a scroll of teleportation {unknown}
 i - a scroll of enchant armour {unknown}

Dungeon Overview and Level Annotations

Branches:
Dungeon (4/15)
 Temple: D:4-7

Altars:
Gozag
Vehumet
Yredelemnul
The Shining One

Shops:
D:3

* .▒ .▒▒▒▒ ....▒
....▒ ▒▒▒▒▒ ▒▒▒
.▒▒▒▒▒▒▒▒ ▒.▒
.▒.#.#.#▒ ▒.▒
.'...._.▒ ▒.▒▒▒▒▒
.▒.#.#.#▒ ▒..##M▒
.▒▒▒▒▒▒▒▒ ▒..o▒▒▒
▒▒
▒▒▒▒▒▒▒▒.#.▒▒▒▒▒▒
▒
▒.[.............▒
▒
▒...............▒
▒
▒)▒▒▒▒▒▒▒.......▒
▒.▒ ▒▒▒▒▒▒▒▒▒
▒▒▒▒▒.▒▒▒▒▒
..(.......▒


You could see an orc wizard.


Message History

The orc is lightly wounded!
The orc wizard casts a spell at you!
You feel yourself slow down!
The orc wizard casts a spell!
The orc wizard blinks!!!
The orc wizard gestures at you while chanting!
The magic dart hits you!!! * * * don't die
* * * The orc wizard hits you but does no damage!
There is a stone staircase leading up here!
You see here a throwing net {=f}!
The orc wizard is no longer moving quickly!
The orc wizard hits you with a dagger! * * * don't die
* * * The orc wizard barely misses you!
You climb upwards!
There is a stone staircase leading down here!
Read which item? (? for menu, Esc to quit)
As you read the scroll labeled BUALIRYOPS, it crumbles to dust!
You feel blessed for a moment!
It was a scroll of remove curse!
The orc wizard points at you and mumbles some strange words!
You easily resist!
The orc wizard misses you!
Read which item? (? for menu, Esc to quit)
As you read the scroll labeled IMEIBOS DAAR, it crumbles to dust!
The scroll dissolves into smoke!
It was a scroll of fog!
The orc wizard mumbles some strange words!
The orc wizard blinks!!!
The orc wizard points at you and mumbles some strange words!
The magic dart hits you!!! rip

Action                   |  1- 3 |  4- 6 |  7- 9 || total
-------------------------+-------+-------+-------++-------
Melee: Unarmed           |   116 |   394 |   170 ||   680
       Punch             |     1 |     8 |     7 ||    16
  Use: Scroll            |       |     1 |     2 ||     3
 Stab: Sleeping          |     6 |     4 |       ||    10
       Distracted        |       |     1 |     1 ||     2
Armor: Skin              |       |    31 |     5 ||    36
Dodge: Dodged            |    56 |   253 |    80 ||   389

Vault maps used:
D:1:      ncdulo_smallfort, serial_forest, infiniplex_forest_corner_1,
          infiniplex_forest_lined_1, infiniplex_forest_end_2,
          infiniplex_forest_lined_room_2, infiniplex_forest_straight_4,
          infiniplex_forest_straight_5, infiniplex_forest_lined_room_2,
          infiniplex_forest_straight_2, infiniplex_forest_clump_C,
          infiniplex_forest_zigzag_2, hex_tiny, solitary_fountain
D:3:      grunt_temple_overflow_holy_war, first_bread,
          nicolae_gozag_zags_fifth_avenue
D:4:      serial_undead, serial_undead_e, serial_undead_d, serial_undead_b,
          serial_undead_f, kennysheep_diamond, lexackson_kobold_supper,
          uniq_robin

Notes
Turn   | Place    | Note
--------------------------------------------------------------
     0 | D:1      | rlgrobin the Mummy Monk began the quest for the Orb.
     0 | D:1      | Reached XP level 1. HP: 18/18 MP: 1/1
   525 | D:1      | Reached XP level 2. HP: 15/24 MP: 2/2
   865 | D:2      | Reached skill level 4 in Unarmed Combat
  1264 | D:2      | Reached XP level 3. HP: 6/29 MP: 3/3
  2430 | D:1      | Reached XP level 4. HP: 23/35 MP: 4/4
  3017 | D:3      | Found a basalt altar of Yredelemnul.
  3026 | D:3      | Found a glowing golden altar of the Shining One.
  3382 | D:3      | Reached skill level 5 in Unarmed Combat
  3644 | D:3      | Found an opulent altar of Gozag.
  3979 | D:3      | Reached skill level 3 in Dodging
  3979 | D:3      | Reached XP level 5. HP: 20/41 MP: 5/5
  4140 | D:3      | Found Gozag's Platinum Reserve.
  4436 | D:3      | Noticed an angel
  4469 | D:4      | Noticed Robin
  5175 | D:2      | Reached skill level 4 in Dodging
  5188 | D:3      | Reached XP level 6. HP: 27/47 MP: 6/6
  5693 | D:4      | Killed Robin
  7557 | D:4      | Found a radiant altar of Vehumet.
  7597 | D:4      | Reached skill level 5 in Dodging
  7974 | D:3      | Reached XP level 7. HP: 25/52 MP: 7/7
  9533 | D:4      | Reached skill level 6 in Unarmed Combat
  9549 | D:4      | HP: 2/52 [orc wizard/magic dart (7)]
  9555 | D:3      | Killed from afar by an orc wizard

Vanquished Creatures
  A big kobold (D:3)
  A water moccasin skeleton (D:4)
  A giant frog zombie (D:4)
  A giant frog skeleton (D:4)
  3 orc priests
  3 hounds
  3 worker ants (D:4)
  An iguana (D:4)
  3 orc wizards
  Robin (D:4)
  2 worker ant zombies (D:4)
  8 adders
  An adder skeleton (D:4)
  5 worms
  9 giant geckos
  20 orcs
  2 ball pythons
  8 giant cockroaches
  14 goblins
  8 hobgoblins
  4 jackals (D:4)
  A quokka (D:4)
  5 bats
  A giant cockroach zombie (D:4)
  7 giant newts
  17 kobolds
  8 rats
138 creatures vanquished.

Vanquished Creatures (others)
  A plant (D:4)
1 creature vanquished.

Grand Total: 139 creatures vanquished
